 Dungeon Crawl Stone Soup version 0.29-a0-925-g0a7a3d12f8 (webtiles) character file.

Game seed: 2101629442675308733

56 wingedge the Ogre Mage (level 3, -4/33 HPs)
             Began as an Ogre Hedge Wizard on July 28, 2022.
             Slain by Ijyb
             ... wielding a +0 club
              (6 damage)
             ... on level 3 of the Dungeon.
             The game lasted 00:18:04 (2365 turns).

wingedge the Ogre Mage (Ogre Hedge Wizard)          Turns: 2365, Time: 00:18:05

Health: -4/33      AC:  3    Str: 14    XL:     3   Next: 95%
Magic:  8/8        EV:  9    Int: 17    God:
Gold:   120        SH:  0    Dex:  8    Spells: 8/9 levels left

rFire   . . .      SeeInvis .   k - +1 whip
rCold   . . .      Faith    .   (no shield)
rNeg    . . .      Spirit   .   b - +0 robe
rPois   .          Reflect  .   c - +0 hat
rElec   .          Harm     .   (no cloak)
rCorr   .          Rampage  .   (gloves unavailable)
Will    .....                   (boots unavailable)
Stlth   +.........              (no amulet)
HPRegen 0.11/turn               (no ring)
MPRegen 0.11/turn               (no ring)

@: no status effects
A: large, unfitting armour, tough skin 1
a: no special abilities


You were on level 3 of the Dungeon.
You visited 1 branch of the dungeon, and saw 3 of its levels.

You collected 120 gold pieces.

Inventory:

Hand Weapons
 a - a +0 dagger
 d - a +0 short sword
 j - a +0 broad axe
 k - a +1 whip (weapon)
 o - a +0 flail
Armour
 b - a +0 robe (worn)
 c - a +0 hat (worn)
Scrolls
 f - 3 scrolls of teleportation {unknown}
 h - a scroll of identify {unknown}
 i - a scroll of immolation {unknown}
Potions
 l - 2 potions of haste {unknown}
 m - 2 potions of mutation {unknown}
 n - a potion of flight


   Skills:
 * Level 1.6 Fighting
 * Level 0.7 Maces & Flails
 * Level 1.1 Throwing
 - Level 2.0 Dodging
 - Level 1.4 Stealth
 + Level 3.8 Spellcasting
 - Level 2.0 Conjurations
 + Level 1.0 Summonings
 + Level 0.9 Translocations


You had 8 spell levels left.
You knew the following spells:

 Your Spells              Type           Power      Damage    Failure   Level
a - Magic Dart            Conj           40%        1d5       7%          1

Your spell library contained the following spells:

 Spells                   Type           Power      Damage    Failure   Level
 Slow                     Hex            12%        N/A       16%         1
 Call Imp                 Summ           6%         N/A       16%         2
 Blink                    Tloc           12%        N/A       17%         2
 Conjure Flame            Conj/Fire      6%         6-21      32%         3
 Lesser Beckoning         Tloc           6%         N/A       32%         3
 Mephitic Cloud           Conj/Pois/Air  5%         N/A       36%         3
 Animate Armour           Summ/Erth      8%         N/A       78%         4
 Manifold Assault         Tloc           6%         N/A       97%         5
 Blade Hands              Tmut           1%         N/A       99%         5
 Iron Shot                Conj/Erth      3%         9d2       100%        6


Dungeon Overview and Level Annotations

Branches:
Dungeon (3/15)

Altars:
Xom

Annotations:
D:3 Ijyb


Innate Abilities, Weirdness & Mutations

You are too large for most types of armour.
You have tough skin. (AC +1)


Message History

Aim: Ijyb, wielding a +0 club, wearing a +0 ring mail and carrying a wand of flame (9) (47% to hit)
You throw a large rock. The large rock barely misses Ijyb.
Ijyb barely misses you. The hobgoblin barely misses you.
Ijyb zaps a wand.
The puff of flame hits you! Ijyb attacks as you move away!
Ijyb barely misses you.
An orc comes into view. It is wielding a +0 short sword.
Throw: 3 large rocks
Press: ? - help, Shift-Dir - straight line, f/p - Ijyb
Aim: Ijyb, wielding a +0 club, wearing a +0 ring mail and carrying a wand of flame (8) (47% to hit)
You throw a large rock.
The large rock barely misses the hobgoblin.
The large rock closely misses Ijyb.
A bat comes into view.
A quokka comes into view.
The bat moves out of view.
Throw: 2 large rocks
Press: ? - help, Shift-Dir - straight line, f/p - Ijyb
Aim: Ijyb, wielding a +0 club, wearing a +0 ring mail and carrying a wand of flame (8) (47% to hit)
You throw a large rock. The large rock closely misses Ijyb.
Ijyb zaps a wand.
The puff of flame hits you!
Ijyb zaps a wand.
The puff of flame hits you!
* * * LOW HITPOINT WARNING * * *
Okay, then.
Okay, then.
As you read the scroll labelled FOTTES ONUXOSS, it crumbles to dust.
It is a scroll of enchant weapon.
Your +0 whip glows red for a moment.
A jackal comes into view.
Ijyb screams, "Die!"
Ijyb hits you with a +0 club.
* * * LOW HITPOINT WARNING * * *
Throw: large rock
Press: ? - help, Shift-Dir - straight line, f/p - Ijyb
Aim: Ijyb, wielding a +0 club, wearing a +0 ring mail and carrying a wand of flame (6) (47% to hit)
You throw a large rock. The jackal barks!
The large rock hits Ijyb.
Ijyb is lightly wounded.
Ijyb grins evilly.
Ijyb hits you with a +0 club.
You die...

##### .... . ... #..
..#.. .r.
##########J#.#
#######.......@gg..#
#...........####oJ#h..#
#..§≈≈≈≈≈§..# ..... # #
#.≈≈≈≈≈≈..§..# ......#
###.§§§....8...#
#...#.#
†...≈§§≈§≈..§..# .#...#
###..§≈≈§§≈§...# ..##'.
# #...§§..§....# .. #.
# ###..#..######


You could see Ijyb, an orc, 2 endoplasms, a quokka, a jackal and a hobgoblin.

Vanquished Creatures
  5 bats
  3 endoplasms
  3 giant cockroaches
  A goblin (D:3)
  8 hobgoblins
  6 jackals (D:1)
  3 quokkas
  4 ball pythons
  2 frilled lizards (D:1)
  7 kobolds
  7 rats
  A spectral hobgoblin (D:1)
50 creatures vanquished.

Notes
Turn   | Place    | Note
-------+----------+-------------------------------------------
     0 | D:1      | wingedge the Ogre Hedge Wizard began the quest for the Orb.
     0 | D:1      | Reached XP level 1. HP: 16/16 MP: 5/5
    19 | D:1      | Reached skill level 1 in Conjurations
   305 | D:1      | Reached XP level 2. HP: 24/26 MP: 1/6
   526 | D:1      | Reached skill level 1 in Fighting
   814 | D:1      | Found a faded altar of an unknown god.
  1122 | D:1      | Reached XP level 3. HP: 33/33 MP: 4/8
  1903 | D:2      | Reached skill level 1 in Summonings
  2051 | D:2      | Reached skill level 1 in Throwing
  2328 | D:3      | Found a shimmering altar of Xom.
  2358 | D:3      | Noticed Ijyb
  2365 | D:3      | Slain by Ijyb

Illustrated notes

Levels and vault maps discovered:
D:1:      dpeg_arrival_houses_and_road, layout_loops_ring,
          dreamdust_ecumenical_altar_drowned_temple
D:2:      layout_basic
D:3:      layout_rooms, amcnicky_altar_gilded, mainiacjoe_overflow_catwalk,
          minmay_fractal_squares_diagonal_5, uniq_ijyb, uniq_robin

Skill      XL: |  1  2  3 |
---------------+----------+-----
Conjurations   | 1 2 |  2.0
Fighting       | 1 |  1.6
Dodging        | 2 |  2.0
Summonings     | 1 |  1.0
Throwing       | 1 |  1.1
Maces & Flails | |  0.7
Stealth        | |  1.4
Spellcasting   | |  3.8
Translocations | |  0.9

Action                   || total
-------------------------++-------
Melee: Dagger            ||    52
       Whip              ||    25
       Short sword       ||     7
       Punch             ||     2
Throw: Large rock        ||     9
 Cast: Magic Dart        ||   106
  Use: Potion            ||     3
       Scroll            ||     1
Armor: Robe              ||    90
Dodge: Dodged            ||    99

Table legend: (Time is in decaauts)
 A = Elapsed time spent in this place.
 B = Non-inter-level travel time spent in this place.
 C = Inter-level travel time spent in this place.
 D = Time resting spent in this place.
 E = Time spent auto-exploring this place.
 F = Levels seen in this place.
 G = Mean time per level.
                   A        B        C        D        E       F      G
               +--------+--------+--------+--------+--------+-----+--------+
         Total |   2374 |   2287 |     87 |    861 |    108 |   3 |  791.3 |
       Dungeon |   2374 |   2287 |     87 |    861 |    108 |   3 |  791.3 |
               +--------+--------+--------+--------+--------+-----+--------+

Top non-repeatable levels by time:
     D:1: 1591 daAuts
     D:2: 689 daAuts
     D:3: 92 daAuts
